 Dungeon Crawl Stone Soup version 0.30-a0-618-gd6c86c2 (webtiles) character file.

Game seed: 9366125063827750469

13899 malesh the Frost Mage (level 12, -4/91 HPs)
             Began as a Merfolk Ice Elementalist on Jan 9, 2023.
             Was a Follower of Vehumet.
             Slain by a slime creature (16 damage)
             ... on level 12 of the Dungeon.
             The game lasted 01:03:06 (14582 turns).

malesh the Frost Mage (Merfolk Ice Elementalist)   Turns: 14582, Time: 01:03:07

Health: -4/91      AC: 13    Str:  8    XL:     12   Next: 10%
Magic:  14/23      EV: 17    Int: 17    God:    Vehumet [*.....]
Gold:   456        SH:  0    Dex: 16    Spells: 9/26 levels left

rFire   + . .      SeeInvis .    O - +2 trident (venom)
rCold   . . .      Faith    .    (no shield)
rNeg    + . .      Spirit   .    s - +2 robe {rF+}
rPois   +          Reflect  .    H - +1 hat {Will+}
rElec   .          Harm     .    C - +2 ratskin cloak {*Rats rPois rN+ Str-1 Int-1 Dex+1}
rCorr   .          Rampage  .    k - +0 pair of gloves
Will    +....                    (no boots)
Stlth   ++                       (no amulet)
HPRegen 0.35/turn                c - +4 ring of protection
MPRegen 0.18/turn                n - ring of wizardry

@: freezing walls
A: (nimble swimmer 2), mertail
a: Renounce Religion


You were on level 12 of the Dungeon.
You worshipped Vehumet.
Vehumet was aware of your devotion.
You visited 2 branches of the dungeon, and saw 13 of its levels.

You collected 702 gold pieces.
You spent 246 gold pieces at shops.

Inventory:

Hand Weapons
 a - a +4 spear
 O - a +2 trident of venom (weapon)
Armour
 k - a +0 pair of gloves (worn)
 s - a +2 robe of fire resistance (worn)
 A - a +0 kite shield
 C - the +2 ratskin cloak (worn) {*Rats rPois rN+ Str-1 Int-1 Dex+1}
   (You found it on level 6 of the Dungeon)

   When the wearer is hurt, rats may emerge from it to assist them.
   Str:       It affects your strength (-1).
   Int:       It affects your intelligence (-1).
   Dex:       It affects your dexterity (+1).
   rPois:     It protects you from poison.
   rN:        It protects you from negative energy.
 G - a +0 leather armour of cold resistance
 H - a +1 hat of willpower (worn)
Jewellery
 c - a +4 ring of protection (left hand)
 n - a ring of wizardry (right hand)
 o - a ring of fire
 F - a ring of willpower
 J - a ring of magical power
 P - a ring of flight
 R - a +5 ring of evasion
Wands
 M - a wand of paralysis (4)
 T - a wand of digging (3)
 U - a wand of light (3)
Scrolls
 d - 3 scrolls of enchant weapon
 e - 2 scrolls of vulnerability
 f - 7 scrolls of teleportation
 g - a scroll of enchant armour {unknown}
 l - 2 scrolls of amnesia
 u - 3 scrolls of fog
 v - a scroll of poison {unknown}
 w - a scroll of acquirement {unknown}
 x - 3 scrolls of blinking
 y - 2 scrolls of brand weapon {unknown}
 z - a scroll of immolation {unknown}
 B - a scroll of summoning {unknown}
 D - a scroll of magic mapping {unknown}
 E - 2 scrolls of torment
 I - a scroll of noise {unknown}
 K - a scroll of fear
Potions
 b - 4 potions of magic
 h - 7 potions of curing
 i - 3 potions of flight
 j - 2 potions of haste
 m - 3 potions of heal wounds
 p - a potion of berserk rage {unknown}
 q - 3 potions of brilliance
 r - 2 potions of mutation {unknown}
 t - 2 potions of invisibility {unknown}
 L - a potion of ambrosia {unknown}
 N - 2 potions of lignification {unknown}
 Q - a potion of might {unknown}
 S - 2 potions of attraction {unknown}


   Skills:
 + Level 7.1 Fighting
 * Level 11.7 Polearms
 + Level 9.0 Dodging
 - Level 3.2 Stealth
 + Level 7.8 Spellcasting
 - Level 2.0 Summonings
 * Level 12.7 Ice Magic
 + Level 2.6 Poison Magic


You had 9 spell levels left.
You knew the following spells:

 Your Spells              Type           Power      Damage    Failure   Level
a - Freeze                Ice            100%       1d10      1%          1
b - Frozen Ramparts       Ice            100%       1d16      1%          3
c - Ozocubu's Armour      Ice            50%        N/A       1%          3
d - Summon Ice Beast      Ice/Summ       31%        N/A       1%          4
e - Sting                 Tmut/Pois      44%        1d5       2%          1
f - Ignite Poison         Fire/Tmut/Pois 9%         N/A       9%          3
g - Poisonous Vapours     Pois/Air       22%        N/A       4%          2

Your spell library contained the following spells:

 Spells                   Type           Power      Damage    Failure   Level
 Kiss of Death            Conj/Necr      24%        2d7       4%          1
 Summon Small Mammal      Summ           52%        N/A       1%          1
 Apportation              Tloc           12%        N/A       4%          1
 Necrotise                Necr           24%        1d5       4%          1
 Call Canine Familiar     Summ           13%        N/A       6%          3
 Mephitic Cloud           Conj/Pois/Air  9%         N/A       9%          3
 Summon Guardian Golem    Hex/Summ       10%        N/A       9%          3
 Inner Flame              Hex/Fire       6%         N/A       13%         3
 Teleport Other           Tloc           6%         N/A       13%         3
 Olgreb's Toxic Radiance  Pois           15%        N/A       14%         4
 Ozocubu's Refrigeration  Ice            25%        4d13      19%         7
 Flame Wave               Conj/Fire      6%         2d5       38%         4
 Sticky Flame             Conj/Fire      6%         2d3       38%         4
 Summon Forest            Summ/Tloc      5%         N/A       58%         5
 Statue Form              Tmut/Erth      4%         N/A       99%         6
 Malign Gateway           Summ/Tloc      5%         N/A       100%        7


Dungeon Overview and Level Annotations

Branches:
Dungeon (12/15)            Temple (1/1) D:5            Lair (0/5) D:9
    Orc (0/2) D:9

Altars:
Ashenzari
Cheibriados
Dithmenos
Elyvilon
Fedhas
Gozag
Hepliaklqana
Kikubaaqudgha
Makhleb
Nemelex Xobeh
Okawaru
Qazlal
Ru
Sif Muna
Trog
Uskayaw
Vehumet
Wu Jian
Xom
Yredelemnul
Zin
The Shining One

Shops:
D:2 ![:   D:4 *   D:8 *   D:10 (

Annotations:
D:3 2 runed translucent doors, steven32's ghost, amateur MiGl
D:7 1 runed translucent door, bebis's ghost, novice FoFi
D:9 2 transporters, experimato's ghost, novice DsSu


Innate Abilities, Weirdness & Mutations

((You are very nimble when in or above water. (Stealth+, EV+, Speed+++)))
Your lower body shifts to a powerful aquatic tail in water.


Message History

You freeze the slime creature.
The slime creature is lightly wounded.
The slime creature hits you!
The wall freezes the slime creature!
Your ice beast barely misses the slime creature.
Casting: Freeze (safe; 1% risk of failure)
Confirm with . or Enter, or press ? or * to list all spells.
Aiming: Freeze (safe; 1% risk of failure)
Press: ? - help, Shift-Dir - straight line, f/p - slime creature
Aim: a slime creature (lightly wounded, ally target)
You freeze the slime creature!
The slime creature is moderately wounded.
The slime creature hits you but does no damage.
The wall freezes the slime creature.
The slime creature closely misses you.
Your ice beast hits the slime creature.
Your ice beast freezes the slime creature.
Casting: Freeze (safe; 1% risk of failure)
Confirm with . or Enter, or press ? or * to list all spells.
Aiming: Freeze (safe; 1% risk of failure)
Press: ? - help, Shift-Dir - straight line, f/p - slime creature
Aim: a slime creature (moderately wounded, ally target)
You freeze the slime creature!
The slime creature is heavily wounded.
The slime creature hits you!
The wall freezes the slime creature.
The slime creature misses you.
Your ice beast hits the slime creature.
Your ice beast freezes the slime creature!
You hit the slime creature but do no damage.
The slime creature is heavily wounded.
You hit the slime creature but do no damage.
The slime creature is heavily wounded.
The slime creature hits you!
The wall freezes the slime creature!
The slime creature hits you!
* * * LOW HITPOINT WARNING * * *
Your ice beast hits the slime creature.
Your ice beast freezes the slime creature!
You hit the slime creature.
The slime creature is severely wounded.
The wall freezes the slime creature!
The slime creature hits you!
* * * LOW HITPOINT WARNING * * *
The slime creature hits you!
You die...

#.## .....?......#
#... ............# #.
............# ##
#....?......# #
#...........# ########
# #..?.)Y.....#
#<.....# #
#.....J.....# ######.#
#
#.....J@....########.#
#
######.#.#####.......#
# #.#.# #.#########
#.#.#####.### #...
#.#.........# #.##
#.#..)....#.# #.#
#.#.#...###.# #.#
#.#...#.# #.####.#
#####.# #......#


You could see 2 slime creatures and a friendly ice beast (summoned).

Vanquished Creatures
  2 two-headed ogres
  An ugly thing (D:11)
  Maggie (D:8)
  A gargoyle (D:11)
  An unseen horror (D:11)
  Grinder (D:6)
  A hornet (D:8)
  2 trolls
  A vampire (D:11)
  3 wyverns
  A wraith (D:11)
  A slime creature (D:12)
  9 yaks
  A basilisk (D:9)
  2 steam dragons
  A vampire mosquito (D:11)
  4 water moccasins
  An acid dragon (D:10)
  Duvessa (D:7)
  2 black bears
  An orc warrior (D:10)
  4 sky beasts
  An ogre (D:3)
  6 centaurs
  A kobold brigand (D:8)
  3 bullfrogs
  2 gnoll sergeants
  A scorpion (D:6)
  3 wights (D:8)
  Dowan (D:7)
  10 killer bees
  3 hounds
  Crazy Yiuf (D:7)
  3 orc priests
  4 jellies
  4 orc wizards
  5 iguanas
  5 hell rats (D:6)
  6 adders
  11 gnolls
  17 river rats (D:6)
  3 white imps
  2 ufetubi
  4 worms
  19 orcs
  4 endoplasms
  2 giant cockroaches
  6 goblins
  7 hobgoblins
  2 jackals (D:2)
  18 kobolds
  4 quokkas
  9 ball pythons
  7 bats
  A frilled lizard (D:1)
  4 rats (D:3)
221 creatures vanquished.

Vanquished Creatures (collateral kills)
  Gastronok (D:8)
  A two-headed ogre (D:10)
  Pikel (D:4)
  An elephant (D:9)
  A gargoyle (D:12)
  A troll (D:10)
  A shadow (D:9)
  A vampire mosquito (D:11)
  2 ice beasts (D:5)
  A centaur (D:9)
  A kobold brigand (D:9)
  Blork the orc (D:6)
  A necrophage (D:5)
  A wight (D:8)
  2 killer bees (D:8)
  An orc priest (D:10)
  An orc wizard (D:9)
  A hell rat (D:6)
  3 river rats (D:6)
  A gnoll (D:9)
  2 white imps
  3 orcs
  2 kobolds (D:8)
31 creatures vanquished.

Vanquished Creatures (others)
  A plant (D:9)
1 creature vanquished.

Grand Total: 253 creatures vanquished

Notes
Turn   | Place    | Note
-------+----------+-------------------------------------------
     0 | D:1      | malesh the Merfolk Ice Elementalist began the quest for the
                  | Orb.
     0 | D:1      | Reached XP level 1. HP: 13/13 MP: 3/3
   193 | D:1      | Reached XP level 2. HP: 13/19 MP: 0/5
   698 | D:1      | Reached skill level 5 in Ice Magic
   950 | D:2      | Found a faded altar of an unknown god.
   976 | D:2      | Found Neodd's Armour Emporium.
   992 | D:2      | Found Tepynnic's Book Shoppe.
   996 | D:2      | Reached XP level 3. HP: 24/24 MP: 3/6
  1093 | D:2      | Found Huvopsoh's Distillery.
  1102 | D:2      | Bought a potion of curing for 33 gold pieces
  1115 | D:2      | Bought a potion of degeneration for 11 gold pieces
  1298 | D:2      | Learned a level 3 spell: Frozen Ramparts
  1302 | D:2      | Learned a level 3 spell: Ozocubu's Armour
  1696 | D:2      | Reached XP level 4. HP: 28/30 MP: 2/8
  2001 | D:3      | Noticed an ogre
  2314 | D:3      | Killed an ogre
  2315 | D:3      | Reached skill level 6 in Ice Magic
  2315 | D:3      | Reached XP level 5. HP: 22/35 MP: 0/10
  2576 | D:3      | Noticed a moth of wrath
  2579 | D:3      | Found a bloodstained altar of Trog.
  2622 | D:3      | You fall into a shaft and drop 3 floors!
  2635 | D:6      | Reached XP level 6. HP: 41/41 MP: 5/11
  2688 | D:6      | Noticed a sky beast
  2697 | D:6      | Killed a sky beast
  3054 | D:7      | Noticed a steam dragon
  3059 | D:7      | Killed a steam dragon
  3060 | D:7      | Reached skill level 7 in Ice Magic
  3060 | D:7      | Reached XP level 7. HP: 37/46 MP: 2/14
  3212 | D:7      | Noticed Duvessa
  3214 | D:7      | Noticed Dowan
  3355 | D:6      | Reached skill level 5 in Spellcasting
  3424 | D:5      | Entered Level 5 of the Dungeon
  3550 | D:4      | Reached skill level 8 in Ice Magic
  3731 | D:3      | Found a runed translucent door.
  3740 | D:3      | Noticed steven32's ghost (amateur MiGl)
  3881 | D:3      | Found a runed translucent door.
  4053 | D:3      | Learned a level 4 spell: Summon Ice Beast
  4146 | D:4      | Noticed Pikel
  4178 | D:4      | Killed Pikel
  4179 | D:4      | Reached skill level 1 in Fighting
  4179 | D:4      | Reached XP level 8. HP: 30/56 MP: 1/16
  4311 | D:4      | Found Nutap's Serpentskin Sales.
  4536 | D:4      | Found a basalt altar of Yredelemnul.
  4743 | D:4      | Reached skill level 9 in Ice Magic
  5140 | D:5      | Reached XP level 9. HP: 43/62 MP: 10/17
  5396 | D:5      | Reached skill level 5 in Polearms
  5416 | D:5      | Reached skill level 5 in Dodging
  5680 | D:5      | Found a staircase to the Ecumenical Temple.
  5685 | Temple   | Entered the Ecumenical Temple
  5955 | D:2      | Bought a +0 helmet for 45 gold pieces
  6181 | D:7      | Killed Dowan
  6184 | D:7      | Killed Duvessa
  6570 | D:6      | Identified the +7 scale mail "Hokhlirya" {Str+2 SInv}
  6674 | D:6      | Found a white marble altar of Elyvilon.
  6683 | D:6      | Found a hazy altar of Hepliaklqana.
  6942 | D:6      | Reached skill level 10 in Ice Magic
  7068 | D:6      | Found the +2 ratskin cloak {*Rats rPois rN+ Str-1 Int-1
                  | Dex+1}
  7435 | D:6      | Noticed Blork the orc
  7457 | D:6      | Killed Blork the orc
  7547 | D:6      | Noticed Grinder
  7551 | D:6      | Paralysed by Grinder for 3 turns
  7579 | D:6      | Killed Grinder
  7580 | D:6      | Reached skill level 1 in Summonings
  7580 | D:6      | Reached XP level 10. HP: 39/72 MP: 5/19
  7939 | D:7      | Found a runed translucent door.
  7964 | D:7      | Found a shimmering blue altar of Sif Muna.
  7965 | D:7      | Found a stormy altar of Qazlal.
  8169 | D:7      | Found a radiant altar of Vehumet.
  8169 | D:7      | Found a glowing golden altar of the Shining One.
  8173 | D:7      | Became a worshipper of Vehumet
  8308 | D:7      | Noticed bebis's ghost (novice FoFi)
  8344 | D:7      | Found a runed translucent door.
  8345 | D:7      | Noticed Crazy Yiuf
  8351 | D:7      | Killed Crazy Yiuf
  8606 | D:8      | Noticed Gastronok
  8626 | D:8      | Killed Gastronok
  8627 | D:8      | Reached skill level 5 in Fighting
  8865 | D:8      | Reached skill level 11 in Ice Magic
  9076 | D:8      | Noticed Maggie
  9091 | D:8      | Killed Maggie
  9205 | D:8      | Found Urphede's Island Escapes.
  9213 | D:8      | Bought a scroll of teleportation for 45 gold pieces
  9213 | D:8      | Bought a scroll of blinking for 112 gold pieces
  9736 | D:8      | Noticed a two-headed ogre
  9915 | D:8      | Killed a two-headed ogre
  9916 | D:8      | Reached XP level 11. HP: 81/81 MP: 7/21
 10006 | D:8      | Found a shimmering altar of Xom.
 10115 | D:8      | Reached * piety under Vehumet
 10115 | D:8      | Offered knowledge of Foxfire by Vehumet.
 10297 | D:9      | Noticed experimato's ghost (novice DsSu)
 10302 | D:9      | Noticed a moth of wrath
 10311 | D:9      | Found a transporter.
 10350 | D:9      | Reached skill level 10 in Polearms
 10438 | D:9      | Found a transporter.
 10485 | D:9      | Noticed a two-headed ogre
 10496 | D:9      | Killed a two-headed ogre
 10791 | D:9      | Learned a level 1 spell: Sting
 10972 | D:9      | Found a staircase to the Orcish Mines.
 11080 | D:9      | Found a staircase to the Lair.
 11137 | D:9      | Reached skill level 12 in Ice Magic
 11666 | D:10     | Entered Level 10 of the Dungeon
 11752 | D:10     | Reached skill level 1 in Poison Magic
 11932 | D:10     | Found Lipasus's Weapon Emporium.
 12093 | D:10     | Noticed a two-headed ogre
 12103 | D:10     | Killed a two-headed ogre
 12567 | D:10     | Got the Tome of Translocated Virulence
 12614 | D:10     | Reached ** piety under Vehumet
 12616 | D:10     | Offered knowledge of Kiss of Death by Vehumet.
 12852 | D:11     | Found a sparkling altar of Nemelex Xobeh.
 12992 | D:11     | Got the Opusculum on Sandy Blight
 12997 | D:11     | Learned a level 3 spell: Ignite Poison
 13000 | D:11     | Learned a level 2 spell: Poisonous Vapours
 13441 | D:11     | Noticed a red ugly thing
 13447 | D:11     | Killed a red ugly thing
 13609 | D:11     | Reached XP level 12. HP: 69/91 MP: 3/23
 14582 | D:12     | Slain by a slime creature

Illustrated notes

Levels and vault maps discovered:
D:1:      sevenhm_arrival_forest_fort_small_6, layout_loops_ring
D:2:      layout_loops_ring, serial_shops, shop, nicolae_shop_statue_plus, shop,
          nicolae_ecumenical_pavilion
D:3:      layout_rooms, tgw_trog, ebering_ghost_sewer_f
D:4:      layout_cave_pods, general_overflow_altar, eino_tiny_chamber,
          guppyfry_shop_venom, uniq_pikel
D:5:      layout_rooms, temple_doors_cd, kennysheep_generic_room_6
D:6:      wander_guarded_unrand_ratskin, layout_basic,
          mainiacjoe_overflow_swirl, uniq_grinder, uniq_blork_the_orc
D:7:      layout_rooms, gammafunk_temple_overflow_statue,
          gammafunk_temple_overflow_wave, ebering_ghost_reflecting_pool,
          minmay_misc_feat_room, uniq_duvessa, uniq_crazy_yiuf_cottage
D:8:      layout_basic, tgw_xom, nicolae_island_escapes, uniq_maggie,
          uniq_gastronok
D:9:      layout_basic, david_lair_generic, orc_0_dummy, serial_glass,
          glass_columns_b, glass_columns_c, gammafunk_ghost_berserking_beasts,
          minmay_misc_feat_cross
D:10:     layout_gridville, serial_shops, nicolae_shop_bloodbath_and_beyond
D:11:     layout_basic, nemelex_xobeh_ov_fountains_minmay
D:12:     layout_basic, maelrawn_ghost_gauntlet_escape,
          kennysheep_generic_room_11, uniq_nessos, uniq_azrael, uniq_lodul
Temple:   nicolae_temple_god_jail

Skill      XL: |  1  2  3  4  5  6  7  8  9 10 11 12 |
---------------+-------------------------------------+-----
Ice Magic      | 5 6 7 8 9 10 11 12 | 12.7
Spellcasting   | 3 4 5 6 7 |  7.8
Dodging        | 3 4 6 7 8 9 |  9.0
Stealth        | 3 |  3.2
Fighting       | 1 2 4 5 7 |  7.1
Polearms       | 3 4 7 9 11 | 11.7
Summonings     | 1 2 |  2.0
Poison Magic   | 2 |  2.6

Action                   |  1- 3 |  4- 6 |  7- 9 | 10-12 || total
-------------------------+-------+-------+-------+-------++-------
Melee: Unarmed           |     1 |       |     1 |       ||     2
       Spear             |       |       |   171 |   160 ||   331
       Punch             |       |       |     1 |     1 ||     2
       Trident           |       |       |       |    49 ||    49
 Cast: Freeze            |    63 |    30 |    73 |    75 ||   241
       Frozen Ramparts   |     1 |    10 |    33 |    61 ||   105
       Ozocubu's Armour  |       |     3 |     6 |     8 ||    17
       Summon Ice Beast  |       |       |    17 |    34 ||    51
       Sting             |       |       |       |     8 ||     8
       Poisonous Vapours |       |       |       |     2 ||     2
       Ignite Poison     |       |       |       |     1 ||     1
  Use: Scroll            |       |     5 |     2 |     4 ||    11
       Potion            |       |       |       |     2 ||     2
 Stab: Distracted        |       |       |     3 |     4 ||     7
       Sleeping          |       |       |     4 |     1 ||     5
Armor: Robe              |    19 |    15 |    63 |    75 ||   172
Dodge: Dodged            |    30 |    24 |   109 |   158 ||   321

Table legend: (Time is in decaauts)
 A = Elapsed time spent in this place.
 B = Non-inter-level travel time spent in this place.
 C = Inter-level travel time spent in this place.
 D = Time resting spent in this place.
 E = Time spent auto-exploring this place.
 F = Levels seen in this place.
 G = Mean time per level.
                   A        B        C        D        E       F      G
               +--------+--------+--------+--------+--------+-----+--------+
         Total |  14453 |  13528 |    925 |   1613 |   9677 |  13 | 1111.8 |
       Dungeon |  14406 |  13493 |    913 |   1613 |   9653 |  12 | 1200.5 |
        Temple |     47 |     35 |     12 |      0 |     24 |   1 |   47.0 |
               +--------+--------+--------+--------+--------+-----+--------+

Top non-repeatable levels by time:
     D:6: 2006 daAuts
     D:8: 1784 daAuts
    D:11: 1415 daAuts
     D:9: 1374 daAuts
     D:2: 1278 daAuts
    D:10: 1210 daAuts
     D:7: 1179 daAuts
     D:4: 1104 daAuts
     D:1: 949 daAuts
     D:3: 931 daAuts
     D:5: 904 daAuts
    D:12: 266 daAuts
  Temple: 47 daAuts
